 Dungeon Crawl Stone Soup version 0.26-a0-259-g1effd001a9 (webtiles) character file.

Game seed: 13387812821588543974

142 Lugonue the Charlatan (level 5, -12/25 HPs)
             Began as a Vine Stalker Artificer on July 23, 2020.
             Mangled by a gnoll
             ... wielding a +0 halberd
              (14 damage)
             ... on level 4 of the Dungeon.
             The game lasted 00:03:47 (2782 turns).

Lugonue the Charlatan (Vine Stalker Artificer)      Turns: 2782, Time: 00:03:48

Health: -12/25     AC:  4    Str: 15    XL:     5   Next: 25%
Magic:  0/6        EV: 12    Int: 12    God:
Gold:   48         SH:  0    Dex: 14    Spells: 2/4 levels left

rFire    . . .     SeeInvis .   w - +2 short sword (freeze)
rCold    . . .     Faith    .   (no shield)
rNeg     . . .     Spirit   +   b - +0 leather armour
rPois    .         Reflect  .   o - +0 helmet
rElec    .         Harm     .   (no cloak)
rCorr    .                      (no gloves)
MR       .....                  (no boots)
Stlth    ++........             (no amulet)
HPRegen  0.48/turn              (no ring)
MPRegen  0.10/turn              (no ring)

@: lethally poisoned (-12 -> -12)
A: fangs 2, regeneration 1, magic shield, antimagic bite, no potion heal 3, rot
immunity
a: no special abilities


You were on level 4 of the Dungeon.
You were not hungry.

You visited 1 branch of the dungeon, and saw 4 of its levels.

You collected 198 gold pieces.
You spent 150 gold pieces at shops.

Inventory:

Hand Weapons
 a - a +0 short sword
 w - a +2 short sword of freezing (weapon)
Missiles
 p - 7 atropa-tipped darts
 x - 5 poisoned darts (quivered)
Armour
 b - a +0 leather armour (worn)
 o - a +0 helmet (worn)
Wands
 c - a wand of flame (12)
 d - a wand of enslavement (14)
 e - a wand of random effects (13)
Scrolls
 g - 4 scrolls of identify {unknown}
 h - a scroll of random uselessness {unknown}
 i - 3 scrolls of remove curse {unknown}
 l - 4 scrolls of fog {unknown}
 n - a scroll of amnesia {unknown}
 q - a scroll of immolation {unknown}
 r - a scroll of enchant armour {unknown}
 t - 2 scrolls of teleportation {unknown}
 y - a scroll of enchant weapon {unknown}
Potions
 j - a potion of flight {unknown}
 k - a potion of heal wounds {unknown}
 m - 2 potions of resistance {unknown}
 s - a potion of cancellation {unknown}
 u - a potion of curing {unknown}
 v - a potion of degeneration {unknown}
 z - 2 potions of might {unknown}
Comestibles
 f - 14 rations


   Skills:
 + Level 1.4 Fighting
 + Level 2.8 Short Blades
 + Level 0.1 Throwing
 + Level 1.1 Armour
 + Level 1.9 Dodging
 * Level 2.3 Stealth
 + Level 3.2 Evocations


You had 2 spell levels left.
You knew the following spells:

 Your Spells              Type           Power        Failure   Level
a - Blink                 Tloc           N/A          52%         2

Your spell library contained the following spells:

 Spells                   Type           Power        Failure   Level
 Magic Dart               Conj           #...         38%         1
 Call Imp                 Summ           #.......     52%         2
 Slow                     Hex            #.......     52%         2
 Conjure Flame            Conj/Fire      #.......     77%         3
 Mephitic Cloud           Conj/Pois/Air  #.......     77%         3


Dungeon Overview and Level Annotations

Branches:
Dungeon (4/15)
 Temple: D:4-7

Altars:
Dithmenos
Makhleb
Qazlal
Uskayaw

Shops:
D:4 (


Innate Abilities, Weirdness & Mutations

You have extremely sharp teeth.
Your natural rate of healing is unusually fast.
When hurt, damage is shared between your health and your magic reserves.
Your bite disrupts and absorbs the magic of your enemies.
Potions cannot restore your health.
You are immune to rotting.


Message History

Found a stone staircase leading down.
You feel sick. The gnoll closely misses you. The gnoll misses you.
You feel sick. The gnoll misses you.
The gnoll hits you from afar with a +0 halberd!
* * * LOW HITPOINT WARNING * * *
There is a stone staircase leading up, spattered with blood here.
Okay, then.
Okay, then.
Unknown command.
The gnoll looks more healthy.
The worker ant closely misses you.
Evoke which item? (* to show all) (? for menu, Esc to quit)
Aiming: Enslavement
Press: ? - help, Shift-Dir - straight line, f/p - gnoll
Aim: a gnoll, wielding a +0 halberd (severely wounded, fast, chance to defeat MR: 64%)
The worker ant is charmed.
The gnoll hits your worker ant.
The gnoll hits you from afar with a +0 halberd!
Ouch! That really hurt!
You die...

### ##.## ##...##
#..############.....##
#...>@ag............#
##..###g...........#
#.# #.#######...## #.
...# ##.## ##### #.#
#(# #g# .. #.# #.
#(#####


You could see 2 gnolls and a friendly worker ant (charmed).

Vanquished Creatures
  A gnoll shaman (D:4)
  2 worker ants (D:4)
  An adder (D:2)
  An ooze (D:2)
  A worm (D:2)
  A dart slug (D:1)
  5 giant cockroaches
  4 goblins
  9 hobgoblins
  9 kobolds
  2 quokkas
  3 ball pythons
  6 bats
  2 frilled lizards
  6 rats
53 creatures vanquished.

Notes
Turn   | Place    | Note
-------+----------+-------------------------------------------
     0 | D:1      | Lugonue the Vine Stalker Artificer began the quest for the
                  | Orb.
     0 | D:1      | Reached XP level 1. HP: 9/9 MP: 2/2
   448 | D:1      | Reached skill level 3 in Evocations
   450 | D:1      | Reached XP level 2. HP: 14/14 MP: 3/3
   574 | D:1      | Reached skill level 1 in Short Blades
   649 | D:1      | Reached skill level 1 in Fighting
  1142 | D:1      | Reached XP level 3. HP: 18/18 MP: 4/4
  1886 | D:3      | Learned a level 2 spell: Blink
  1908 | D:3      | Found a hide-covered altar of Uskayaw.
  1908 | D:3      | Noticed a +0 hand axe
  1908 | D:3      | Noticed a +0 dagger
  1958 | D:3      | Gained mutation: Your natural rate of healing is unusually
                  | fast. [Vine Stalker growth]
  1958 | D:3      | Reached XP level 4. HP: 19/22 MP: 5/5
  2041 | D:3      | Found a stormy altar of Qazlal.
  2212 | D:3      | Found a shadowy altar of Dithmenos.
  2581 | D:4      | Found a burning altar of Makhleb.
  2583 | D:4      | Found Raapreoj's Antique Weapon Shoppe.
  2638 | D:4      | Reached skill level 1 in Armour
  2638 | D:4      | Reached XP level 5. HP: 25/25 MP: 4/6
  2670 | D:4      | Bought a runed short sword for 150 gold pieces
  2780 | D:4      | HP: 1/25 [gnoll/+0 halberd (9)]
  2782 | D:4      | Mangled by a gnoll

Illustrated notes

Levels and vault maps discovered:
D:1:      dpeg_arrival_rooms_a, layout_basic
D:2:      layout_basic
D:3:      layout_loops_corners, dancing_weapons_uskayaw,
          nicolae_qazlal_general_emergency, grunt_dithmenos_smoke
D:4:      layout_loops_ring, bloody_makhleb, first_ration, serial_shops, shop,
          uniq_duvessa

Skill      XL: |  1  2  3  4 |
---------------+-------------+-----
Evocations     | 3 |  3.2
Short Blades   | 1 2 |  2.8
Fighting       | 1 |  1.4
Armour         | 1 |  1.1
Stealth        | 2 |  2.3
Throwing       | |  0.1
Dodging        | |  1.9

Action                   |  1- 3 |  4- 6 || total
-------------------------+-------+-------++-------
Melee: Short sword       |   108 |    49 ||   157
       Bite              |    30 |    15 ||    45
Throw: Dart              |       |    16 ||    16
Evoke: Wand              |     2 |     4 ||     6
 Stab: Sleeping          |     6 |     1 ||     7
  Eat: Ration            |     1 |     1 ||     2
Armor: Leather armour    |    37 |    13 ||    50
Dodge: Dodged            |    63 |    34 ||    97

Table legend:
 A = Non-vault XP
 B = Vault XP
 C = Vault XP percentage of total XP
 D = Non-vault monster count
 E = Vault monster count
 F = Vault count percentage of total count
                 A         B        C        D         E       F
            +---------+---------+-------+---------+---------+-------
      Total |     204 |       0 |   0.0 |      53 |       0 |   0.0
            +---------+---------+-------+---------+---------+-------
        D:1 |      39 |       0 |   0.0 |      24 |       0 |   0.0
        D:2 |      36 |       0 |   0.0 |      12 |       0 |   0.0
        D:3 |      23 |       0 |   0.0 |      14 |       0 |   0.0
        D:4 |     106 |       0 |   0.0 |       3 |       0 |   0.0
            +---------+---------+-------+---------+---------+-------
